 Dungeon Crawl Stone Soup version 0.25.1-2-g60ff931df9 (webtiles) character file.

Game seed: 2964262062524004385

25 Antenora the Skirmisher (level 2, 0/27 HPs)
             Began as a Draconian Abyssal Knight on Nov 5, 2020.
             Was a Follower of Lugonu.
             Succumbed to a kobold's poison
             ... on level 1 of the Dungeon.
             The game lasted 00:01:34 (436 turns).

Antenora the Skirmisher (Draconian Abyssal Knight)   Turns: 436, Time: 00:01:35

Health: 0/27       AC:  4    Str: 14    XL:     2   Next: 82%
Magic:  3/3        EV: 12    Int: 12    God:    Lugonu [*.....]
Gold:   30         SH:  0    Dex: 10    Spells: 1/1 levels left

rFire    . . .     SeeInvis .   a - +1 falchion
rCold    . . .     Gourm    .   (no shield)
rNeg     . . .     Faith    .   (armour unavailable)
rPois    .         Spirit   .   (helmet restricted)
rElec    .         Reflect  .   (no cloak)
rCorr    .         Harm     .   (no gloves)
MR       .....                  (no boots)
Stlth    +.........             (no amulet)
HPRegen  0.09/turn              (no ring)
MPRegen  0.08/turn              (no ring)

@: lethally poisoned (0 -> -44)
A: unfitting armour, cold-blooded, AC +4
a: Depart the Abyss, Renounce Religion


You were on level 1 of the Dungeon.
You worshipped Lugonu.
Lugonu was aware of your devotion.
You were full.

You visited 1 branch of the dungeon, and saw 1 of its levels.
You visited the Abyss 1 time.

You collected 30 gold pieces.

Inventory:

Hand Weapons
 a - a +1 falchion (weapon)
Scrolls
 c - a scroll of blinking {unknown}
 d - a scroll of remove curse {unknown}
 e - a scroll of teleportation {unknown}
 g - a scroll of identify {unknown}
 h - a scroll of fog {unknown}
Potions
 f - a potion of stabbing {unknown}
Comestibles
 b - 2 rations


   Skills:
 + Level 4.0 Fighting
 + Level 2.2 Long Blades
 + Level 2.4 Dodging
 + Level 2.0 Invocations


You had one spell level left.
You didn't know any spells.
Your spell library was empty.

Dungeon Overview and Level Annotations

Branches:
Dungeon (1/15)

Altars:


Innate Abilities, Weirdness & Mutations

Your plain brown scales are hard. (AC +4)
You cannot fit into any form of body armour.
You are cold-blooded and may be slowed by cold attacks.


Message History

You hit the kobold but do no damage.
You feel sick. The kobold misses you.
You feel sick. The kobold closely misses you.
You feel sick. The kobold hits you but does no damage.
You are lethally poisoned!
You feel sick. The kobold hits you but does no damage.
You feel sick. The kobold hits you but does no damage.
You are more poisoned.
You feel sick.
The kobold hits you with a +1 dagger of venom.
* * * LOW HITPOINT WARNING * * *
You are more poisoned.
* * * LOW HITPOINT WARNING * * *
You feel very sick. The kobold barely misses you.
* * * LOW HITPOINT WARNING * * *
You feel very sick. The kobold hits you but does no damage.
You are more poisoned.
You see here 13 gold pieces.
You die...

#.#...............##..#.
#.##............#.##...
..###...........#.#..# .
.##########..##.#...# .. .....#
##.##.#..####... .....# #.
#........... .. .....#
#.###.K.....### #.# #..####
#.###$......#...#.# ......###
##....@......#...#.# ## ....#...#
#...###....### ....###. ....###.#
#.#.# #..#.# #.#.##..
.....)..###.#.####.#.# #.#.....
........#...#..###.#.# #.......
......†............#.#####)[.....
................#..#....##...##.)
......................#..#†..###.
........#####.#.....#....#....##.


You could see a kobold.

Vanquished Creatures
  2 dart slugs (D:1)
  3 bats (D:1)
  3 giant cockroaches (D:1)
  4 goblins (D:1)
  3 hobgoblins (D:1)
  3 kobolds (D:1)
  A rat (D:1)
19 creatures vanquished.

Notes
Turn   | Place    | Note
-------+----------+-------------------------------------------
     0 | Abyss:1  | Antenora the Draconian Abyssal Knight began the quest for
                  | the Orb.
     0 | Abyss:1  | Reached XP level 1. HP: 19/19 MP: 2/2
    54 | Abyss:1  | Noticed a small abomination
    61 | D:1      | Escaped the Abyss
   117 | D:1      | Reached * piety under Lugonu
   192 | D:1      | Reached XP level 2. HP: 19/27 MP: 3/3
   199 | D:1      | Reached skill level 4 in Fighting
   436 | D:1      | Succumbed to a kobold's poison

Illustrated notes

Levels and vault maps discovered:
D:1:      dpeg_arrival_erosion, layout_rooms

Skill      XL: |  1  2 |
---------------+-------+-----
Fighting       | 4 |  4.0
Long Blades    | |  2.2
Dodging        | |  2.4
Invocations    | |  2.0

Action                   || total
-------------------------++-------
Melee: Falchion          ||    39
       Tailslap          ||     9
Invok: Depart the Abyss  ||     1
  Eat: Ration            ||     1
Armor: Skin              ||    26
Dodge: Dodged            ||    67
       Rpst.: Falchion   ||    18
